 Dungeon Crawl Stone Soup version 0.19-a0-291-ga637243 (webtiles) character file.

60762 ololoev the Severer (level 15, -1/137 HPs)
             Began as a Hill Orc Fighter on May 27, 2016.
             Was the Champion of the Shining One.
             Slain by a yaktaur (11 damage)
             ... on level 1 of the Depths.
             The game lasted 00:44:13 (18836 turns).

ololoev the Severer (Hill Orc Fighter)             Turns: 18836, Time: 00:44:14

Health: -1/137     AC: 23    Str: 24    XL:     15   Next: 0%
Magic:  25/28      EV: 10    Int:  3    God:    the Shining One [******]
Gold:   1011       SH:  0    Dex: 12    Spells: 0 memorised, 14 levels left

rFire  + + .     SeeInvis +     a - +9 battleaxe (holy)
rCold  + . .     Gourm    .     k - +2 chain mail {rC+}
rNeg   + + +     Faith    .     (shield currently unavailable)
rPois  +         Spirit   .     (helmet restricted)
rElec  .         Dismiss  .     j - +2 cloak
rCorr  +         Reflect  .     E - +2 pair of gloves
SustAt .         Harm     .     r - +2 pair of boots
MR     ++...                    J - amulet of the Gloaming {+Rage rPois Int-3 SInv}
Stlth  ..........               z - ring of resist corrosion
                                M - ring of protection from fire

@: exhausted, slowed, glowing, very slow, very resistant to hostile
enchantments, extremely unstealthy
A: antennae 1, slimy green scales 1, agile 1, deformed body, dopey 1, fire
resistance 1, high mp 1, magic resistance 1, weak 1
a: Divine Shield, Cleansing Flame, Summon Divine Warrior, Renounce Religion,
Evoke Berserk Rage


Innate Abilities, Weirdness & Mutations

You have a pair of small antennae on your head.
You are partially covered in slimy green scales. (AC +2)
You are agile. (Dex +2)
Armour fits poorly on your strangely shaped body.
You are dopey. (Int -2)
Your flesh is heat resistant. (rF+)
You have an increased reservoir of magic. (+10% MP)
You are resistant to hostile enchantments. (MR+)
You are weak. (Str -2)

Inventory:

Hand Weapons
 a - a +9 battleaxe of holy wrath (weapon)
Armour
 j - a +2 cloak (worn)
 k - a +2 chain mail of cold resistance (worn)
 r - a +2 pair of boots (worn)
 E - a +2 pair of gloves (worn)
Jewellery
 z - a ring of resist corrosion (right hand)
 J - the amulet of the Gloaming (around neck) {+Rage rPois Int-3 SInv}
   (You found it on level 10 of the Dungeon)

   [amulet of rage]

   It affects your intelligence (-3).
   It protects you from poison.
   It lets you see invisible.
   It lets you go berserk.
 M - a ring of protection from fire (left hand)
Wands
 y - a wand of digging (11/24)
Scrolls
 c - 4 scrolls of teleportation
 e - a scroll of fear
 g - 7 scrolls of remove curse
 h - 4 scrolls of magic mapping
 p - a scroll of holy word
 q - 5 scrolls of blinking
 s - a scroll of recharging
 t - a scroll of enchant armour
 H - 2 scrolls of summoning
 I - 8 scrolls of identify
Potions
 b - a potion of might
 m - 2 potions of ambrosia {unknown}
 n - 7 potions of heal wounds
 x - a potion of magic {unknown}
 B - a potion of resistance
 D - a potion of cancellation
 F - 4 potions of curing
 G - 2 potions of haste
 K - 4 potions of flight
 N - a potion of agility
Miscellaneous
 A - a plain deck of defence {drawn: 4}
Comestibles
 d - 3 slices of pizza
 f - 7 bread rations
 i - a royal jelly
 l - 4 meat rations
 o - 4 beef jerkies
 u - 8 fruits


   Skills:
 + Level 13.9 Fighting
 * Level 19.5 Axes
 + Level 12.8 Armour
 + Level 3.9 Dodging
   Level 3.2 Shields
 + Level 14.1 Invocations


You had 14 spell levels left.
You didn't know any spells.


You were on level 1 of the Depths.
You worshipped the Shining One.
The Shining One was exalted by your worship.
You were hungry.

You visited 2 branches of the dungeon, and saw 16 of its levels.
You visited 1 bazaar.

You collected 1011 gold pieces.

######.#.....###..#
#.....#######....#
#...(...(.......##
#.....##(..###..#
#.....##'########
###...##).......
######.)......
#)))###.. #@A.#
#.c.......
#.§.......
##.###.... #.# ...∩
... ... ... .. ...

Notes
Turn   | Place    | Note
--------------------------------------------------------------
     0 | D:1      | ololoev the Hill Orc Fighter began the quest for the Orb.
     0 | D:1      | Reached XP level 1. HP: 19/19 MP: 1/1
    18 | D:1      | Reached skill level 3 in Axes
   148 | D:1      | Reached XP level 2. HP: 23/27 MP: 2/2
   392 | D:1      | Reached XP level 3. HP: 32/33 MP: 3/3
  1171 | D:2      | Reached skill level 4 in Axes
  1355 | D:3      | Reached XP level 4. HP: 27/41 MP: 4/4
  2068 | D:3      | Noticed Terence
  2082 | D:3      | Killed Terence
  2082 | D:3      | Reached skill level 5 in Axes
  2082 | D:3      | Reached XP level 5. HP: 42/47 MP: 5/5
  2192 | D:3      | Reached skill level 5 in Fighting
  2253 | D:3      | Found a shadowy altar of Dithmenos.
  2602 | D:4      | Noticed Natasha
  2624 | D:4      | Killed Natasha
  2756 | D:4      | Found a glowing golden altar of the Shining One.
  2763 | D:4      | Became a worshipper of the Shining One
  2815 | D:4      | Noticed Natasha
  2827 | D:4      | Killed Natasha
  2871 | D:4      | Noticed an ogre
  2878 | D:4      | Killed an ogre
  2878 | D:4      | Reached skill level 6 in Axes
  2878 | D:4      | Reached skill level 1 in Invocations
  2878 | D:4      | Reached XP level 6. HP: 36/56 MP: 5/7
  2934 | D:4      | Found an opulent altar of Gozag.
  3007 | D:4      | Found Woatwaat's Elemental Accessories.
  3146 | D:4      | Noticed Natasha
  3153 | D:4      | Killed Natasha
  3175 | D:4      | Reached XP level 7. HP: 43/61 MP: 8/8
  3883 | D:4      | Noticed ololoev's ghost (amateur HOFi)
  3891 | D:4      | Noticed Sigmund
  3891 | D:4      | Reached skill level 7 in Axes
  3900 | D:4      | Killed Sigmund
  3900 | D:4      | Reached skill level 5 in Armour
  3931 | D:4      | Found a deep blue altar of Sif Muna.
  3995 | D:5      | Entered Level 5 of the Dungeon
  4084 | D:5      | Reached XP level 8. HP: 50/70 MP: 10/10
  4097 | D:5      | Reached skill level 8 in Axes
  4104 | D:5      | Reached * piety under the Shining One
  4215 | D:5      | Found a radiant altar of Vehumet.
  4309 | D:5      | Noticed Edmund
  4333 | D:5      | Killed Edmund
  4377 | D:5      | Gained mutation: You are partially covered in slimy green scales. (AC +2) [mutagenic meat]
  4378 | D:5      | Gained mutation: Armour fits poorly on your strangely shaped body. [mutagenic meat]
  4379 | D:5      | Gained mutation: Scrolls take you a little longer to read. [mutagenic meat]
  4380 | D:5      | Gained mutation: You are resistant to hostile enchantments. (MR+) [mutagenic meat]
  4381 | D:5      | Gained mutation: You are frail. (-10% HP) [mutagenic meat]
  4993 | D:6      | Noticed namelastname112's ghost (novice HaAs)
  5025 | D:6      | Killed namelastname112's ghost
  5025 | D:6      | Reached skill level 9 in Axes
  5025 | D:6      | Reached skill level 5 in Invocations
  5025 | D:6      | Reached XP level 9. HP: 56/71 MP: 11/13
  5239 | D:6      | Reached skill level 10 in Axes
  5389 | D:6      | Found a sparkling altar of Nemelex Xobeh.
  5533 | D:7      | Noticed Crazy Yiuf
  5536 | D:7      | Killed Crazy Yiuf
  5596 | D:7      | Found a staircase to the Ecumenical Temple.
  5618 | D:7      | Found a white marble altar of Elyvilon.
  5718 | D:7      | Found an oddly glowing altar of Pakellas.
  5764 | D:7      | Found a sacrificial altar of Ru.
  6025 | D:7      | Found a snail-covered altar of Cheibriados.
  6097 | D:8      | Found Vaiggado's Armour Boutique.
  6117 | D:8      | Found an ancient bone altar of Kikubaaqudgha.
  6730 | D:8      | Reached ** piety under the Shining One
  6736 | D:8      | Reached skill level 11 in Axes
  6828 | D:8      | Found a hazy altar of Hepliaklqana.
  6828 | D:8      | Found a stormy altar of Qazlal.
  7108 | D:9      | Reached XP level 10. HP: 75/81 MP: 15/15
  7133 | D:9      | Found a hide-covered altar to Ukayaw.
  7246 | D:8      | Reached skill level 12 in Axes
  7478 | D:8      | HP: 2/81 [yak (9)]
  7915 | D:9      | Gained mutation: You have an increased reservoir of magic. (+10% MP) [mutagenic meat]
  7916 | D:9      | Gained mutation: You are agile. (Dex +2) [mutagenic meat]
  8076 | D:9      | Found a staircase to the Orcish Mines.
  8220 | D:9      | Reached skill level 13 in Axes
  8647 | D:10     | Entered Level 10 of the Dungeon
  8648 | D:10     | Gained mutation: Your flesh is heat resistant. (rF+) [potion of mutation]
  8648 | D:10     | Gained mutation: You have a pair of small antennae on your head. [potion of mutation]
  8648 | D:10     | Gained mutation: You are dopey. (Int -2) [potion of mutation]
  8910 | D:10     | Reached XP level 11. HP: 71/89 MP: 16/19
  9198 | D:10     | Noticed an unseen horror
  9205 | D:10     | Killed an unseen horror
  9244 | D:10     | Got a shimmering silver amulet
  9245 | D:10     | Identified the amulet of the Gloaming {+Rage rPois Int-3 SInv} (You found it on level 10 of the Dungeon)
  9702 | D:6      | Noticed Grinder
  9711 | D:6      | Killed Grinder
  9711 | D:6      | Reached skill level 10 in Fighting
 10965 | D:11     | Noticed a seven-headed hydra
 11223 | D:11     | Noticed a white ugly thing
 11235 | D:11     | Killed a white ugly thing
 11322 | D:11     | Reached skill level 14 in Axes
 11324 | D:11     | Reached *** piety under the Shining One
 11451 | D:11     | Found a staircase to the Lair.
 11887 | D:11     | Reached skill level 10 in Invocations
 11956 | D:11     | Reached **** piety under the Shining One
 12052 | D:12     | Noticed a cyan ugly thing
 12064 | D:12     | Killed a cyan ugly thing
 12221 | D:12     | Noticed a hill giant
 12228 | D:12     | Killed a hill giant
 12249 | D:12     | Noticed a cyclops
 12256 | D:12     | Noticed a green ugly thing
 12259 | D:12     | Goblin1989: yo
 12261 | D:12     | ololoev: yo gobbo
 12261 | D:12     | ololoev: бери у меня новый луа
 12261 | D:12     | ololoev: составил на этой неделе
 12264 | D:12     | Killed a cyclops
 12265 | D:12     | Killed a green ugly thing
 12267 | D:12     | Reached skill level 10 in Armour
 12275 | D:12     | Goblin1989: сек
 12279 | D:12     | Lost mutation: You are frail. (-10% HP) [mutagenic meat]
 12345 | D:12     | Reached skill level 15 in Axes
 12347 | D:12     | Reached XP level 12. HP: 58/108 MP: 21/21
 12969 | D:12     | Goblin1989: ты представляешь
 13031 | D:12     | Goblin1989: играю я такой в последний раз за демонспавна
 13212 | D:12     | Goblin1989: и бац - у меня пропадает интернет
 13377 | D:12     | Goblin1989: я больше недели ростелеком доставал
 13411 | D:12     | ololoev: на неделю это ппц
 13416 | D:12     | Goblin1989: по часу на телефоне сидел каждый день, звонил куда можно
 13588 | D:12     | Goblin1989: так эти гады не дали мне за турниром следить!
 13605 | D:12     | Reached ***** piety under the Shining One
 13606 | D:12     | ololoev: емана
 13606 | D:12     | ololoev: это волт с пити для трога?
 13618 | D:12     | Reached skill level 16 in Axes
 13688 | D:12     | Goblin1989: все что я мог - посмотреть турнирные таблицы :(
 13761 | D:12     | Noticed a centaur warrior
 13762 | D:12     | ololoev: ну в общем жареные задницы оказались круче, чем я рассчитывал
 13762 | D:12     | ololoev: 4 место
 13777 | D:12     | Killed a centaur warrior
 13862 | D:12     | Found Ummul's Armour Shop.
 13991 | D:13     | Goblin1989: ну да
 13995 | D:13     | Goblin1989: я вчера видел
 14005 | D:13     | Goblin1989: был очень рад
 14013 | D:13     | Found a sparkling altar of Nemelex Xobeh.
 14052 | D:13     | Goblin1989: вам бы в команду ермака в следующий раз
 14089 | D:13     | Goblin1989: но он не согласится
 14120 | D:13     | Goblin1989: по-любому
 14125 | D:13     | ololoev: да и нафиг он
 14125 | D:13     | ololoev: нам можно вместо ехука взять неймластнейма
 14125 | D:13     | ololoev: и уже было бы круто
 14125 | D:13     | ololoev: 2-3 место
 14153 | D:13     | Goblin1989: ну да
 14649 | D:13     | Reached XP level 13. HP: 118/118 MP: 24/24
 14883 | D:13     | Reached skill level 17 in Axes
 15170 | D:14     | Found a flickering gateway to a bazaar.
 15183 | Bazaar   | Entered a bazaar
 15183 | Bazaar   | Found Titirug's Weapon Shoppe.
 15193 | Bazaar   | Found Deotu's Antique Weapon Shop.
 15204 | Bazaar   | Found Dereyt's Gadget Boutique.
 15241 | Bazaar   | Found Deqeneuni's Distillery.
 15691 | D:14     | Goblin1989: а я тут оффлайн чуть-чуть спринт до конца один не прошел. Самый последний. Задавили панлорды куйчей.
 15705 | D:14     | ololoev: последний это что?
 15705 | D:14     | ololoev: лайн?
 15705 | D:14     | ololoev: или зиг?
 15795 | D:14     | Found a gate to the Vaults.
 15795 | D:14     | Noticed a vault guard
 15802 | D:14     | Goblin1989: |||||||||||||||||||||
 15805 | D:14     | Killed a vault guard
 15805 | D:14     | Reached skill level 18 in Axes
 15810 | D:14     | ololoev: лайн
 15824 | D:14     | Lost mutation: Scrolls take you a little longer to read. [potion of mutation]
 15824 | D:14     | Gained mutation: You are weak. (Str -2) [potion of mutation]
 15825 | D:14     | ololoev: так
 15825 | D:14     | ololoev: вот теперь бы еще убрать деформд бади
 15825 | D:14     | ololoev: и вообще круто будет
 15885 | D:14     | Goblin1989: съешь мутагена
 16434 | D:15     | Entered Level 15 of the Dungeon
 16697 | D:15     | Reached XP level 14. HP: 84/129 MP: 26/26
 16843 | D:15     | Reached skill level 1 in Dodging
 17335 | D:15     | Found a staircase to the Depths.
 17335 | D:15     | Noticed a frost giant
 17343 | D:15     | Killed a frost giant
 17717 | D:15     | Reached ****** piety under the Shining One
 17766 | D:15     | Identified a +9 battleaxe of holy wrath (a +7 battleaxe of freezing blessed by the Shining One)
 17766 | D:15     | Received a gift from the Shining One
 18393 | Depths:1 | Entered Level 1 of the Depths
 18396 | Depths:1 | Goblin1989: точно тайл меняется. круто!
 18405 | Depths:1 | Reached skill level 19 in Axes
 18415 | D:15     | ololoev: хехе
 18415 | D:15     | ololoev: зерк круто
 18417 | Depths:1 | Noticed a reaper
 18420 | D:15     | Goblin1989: не всегда
 18420 | D:15     | ololoev: походу рядом вход в ады!
 18474 | Depths:1 | Killed a reaper
 18524 | Depths:1 | Goblin1989: мой последний DsMo укмер именно из-за зерка
 18527 | Depths:1 | ololoev: не ну само собой надо с умом юзать
 18538 | Depths:1 | Found a one-way gate leading to the halls of Pandemonium.
 18562 | Depths:1 | Goblin1989: ну, еще я не прочел перед зерком имолейшн
 18579 | Depths:1 | Goblin1989: но зерк тоже виноват!
 18810 | Depths:1 | Found a gateway to a ziggurat.
 18814 | Depths:1 | Noticed a tengu reaver
 18820 | Depths:1 | Goblin1989: сколько инво нузно чтобы зерк кастовать?
 18820 | Depths:1 | Noticed a stone giant
 18821 | Depths:1 | ololoev: эво
 18821 | Depths:1 | ololoev: у меня с 0 50% шанса
 18821 | Depths:1 | Goblin1989: ок, эво
 18821 | Depths:1 | ololoev: с десяток эво даст шанс около 5%
 18834 | Depths:1 | Killed a tengu reaver
 18836 | Depths:1 | Killed a stone giant
 18836 | Depths:1 | Reached XP level 15. HP: 15/137 MP: 25/28
 18836 | Depths:1 | Slain by a yaktaur

Dungeon Overview and Level Annotations

Branches:
Dungeon (15/15)            Temple (0/1) D:7            Lair (0/8) D:11
    Orc (0/2) D:9          Vaults (0/5) D:14         Depths (1/5) D:15

Altars:
Cheibriados
Dithmenos
Elyvilon
Gozag
Hepliaklqana
Kikubaaqudgha
Nemelex Xobeh
Pakellas
Qazlal
Ru
Sif Muna
Ukayaw
Vehumet
The Shining One

Shops:
D:4 *   D:8 [   D:12 [

Portals:
Pandemonium: Depths:1
Ziggurat: Depths:1

Annotations:
D:4 ololoev's ghost, amateur HOFi
D:7 exclusion: goblin


Message History

The rakshasa hits you from afar with a trident.
The yaktaur hits you but does no damage.
Unknown command.
The tengu reaver blocks your attack.
The tengu reaver is moderately wounded.
You slash the yaktaur!
The yaktaur is severely wounded.
The rakshasa hits you but does no damage.
The tengu reaver hits you but does no damage.
The tengu reaver misses you. The tengu reaver claws you.
Unknown command.
You slice the tengu reaver!!
The tengu reaver is heavily wounded.
You slash the yaktaur!
The yaktaur is severely wounded.
Your daeva hits the rakshasa with a long sword of holy wrath!
The rakshasa dies!
The Shining One accepts your kill. The yaktaur closely misses you.
Unknown command.
You slash the yaktaur!
The yaktaur is almost dead.
You slice the tengu reaver!!
The tengu reaver is almost dead.
The yaktaur shimmers and vanishes!
The rakshasa shimmers and vanishes!
Unknown command.
Unknown command.
You slash the stone giant!
The stone giant is lightly wounded.
You barely miss the tengu reaver.
The tengu reaver is almost dead.
The tengu reaver hits you but does no damage.
The tengu reaver pecks you but does no damage.
The tengu reaver claws you.
Your daeva hits the stone giant with a long sword of holy wrath! x2
Unknown command.
You slash the stone giant!
The stone giant is heavily wounded.
You closely miss the tengu reaver.
The tengu reaver is almost dead.
The stone giant hits you!
Unknown command.
Unknown command.
You slice the stone giant!!
The stone giant is severely wounded.
You barely miss the tengu reaver.
The tengu reaver is almost dead.
The tengu reaver casts a spell at you. The bolt of magma hits you!
You partially resist.
Unknown command.
Unknown command.
You slash the stone giant!
The stone giant is severely wounded.
You slash the tengu reaver!
You kill the tengu reaver!
The battlesphere dissipates.
Your daeva hits the stone giant with a long sword of holy wrath.
Your daeva hits the stone giant but does no damage.
The stone giant barely misses you.
Unknown command.
The yaktaur misses you.
Things that are here:
a war axe of chopping; a scale mail; a buckler Unknown command.
Unknown command.
You slice the stone giant!!
You kill the stone giant!
You have reached level 15!
Your experience leads to an increase in your attributes!
Your base attributes are Str 24, Int 8, Dex 10.
Increase (S)trength, (I)ntelligence, or (D)exterity?
You feel stronger. x2
You open the yaktaur like a pillowcase!!!
The yaktaur is almost dead.
You are no longer berserk.
You are exhausted.
You feel yourself slow down.
You are feeling hungry.
The yaktaur hits you!
You die...

You could see a yaktaur and a friendly daeva.

Vanquished Creatures
  A tengu reaver (Depths:1)
  A frost giant (D:15)
  A reaper (Depths:1)
  A stone giant (Depths:1)
  2 entropy weavers (Depths:1)
  A vault guard (D:14)
  A hydra (D:14)
  A death knight (D:15)
  11 centaur warriors
  2 tengu warriors (D:15)
  A titan zombie (Depths:1)
  A shock serpent (shapeshifter) (D:15)
  A giant orange brain (Depths:1)
  An infernal demonspawn (Depths:1)
  An unseen horror (D:10)
  4 hill giants
  The ghost of namelastname112 the Sneak, a novice HaAs (D:6)
  A wolf spider zombie (D:14)
  A phantasmal warrior (D:15)
  12 wizards
  3 necromancers
  An orc knight (D:15)
  6 ugly things
  A hornet (shapeshifter) (Depths:1)
  A griffon (D:15)
  A deep elf mage (D:15)
  4 cyclopes
  A sixfirhy (Depths:1)
  A rust devil (Depths:1)
  A titan simulacrum (Depths:1)
  A gargoyle (D:13)
  A kobold demonologist (D:13)
  4 yaktaurs
  A freezing wraith (D:15)
  A tengu conjurer (D:12)
  A queen bee (D:9)
  Grinder (D:6)
  2 trolls
  2 two-headed ogres
  A hornet zombie (D:15)
  2 tarantellas (Depths:1)
  An ice dragon skeleton (Depths:1)
  A wraith (D:15)
  A wyvern (D:9)
  A water elemental (D:13)
  Sigmund (D:4)
  A deep troll skeleton (Depths:1)
  4 redbacks (Depths:1)
  18 yaks
  2 hungry ghosts
  A basilisk (D:11)
  9 vampire mosquitoes
  2 hippogriffs
  A chaos spawn (Depths:1)
  19 humans (D:14)
  A warg (D:8)
  3 mottled dragons
  2 soldier ants (D:13)
  Edmund (D:5)
  2 water moccasins
  A black bear (D:9)
  5 sky beasts
  4 phantoms
  8 orc warriors
  3 ice beasts
  5 ogres
  3 eyes of draining
  19 centaurs
  3 crocodiles
  12 giant frogs
  A big kobold (shapeshifter) (D:14)
  7 big kobolds
  2 wyvern zombies
  A glowing shapeshifter simulacrum (Depths:1)
  6 scorpions
  30 killer bees
  15 wights
  4 howler monkeys
  4 electric eels
  7 crimson imps
  2 centaur zombies
  2 quasits
  3 jellies
  3 giant frog zombies
  6 hounds
  6 orc priests
  Crazy Yiuf (D:7)
  7 centaur skeletons
  16 orc wizards
  Terence (D:3)
  3 giant frog skeletons
  Natasha (thrice) (D:4)
  2 iguanas
  9 worker ants
  2 hound skeletons (D:6)
  2 worker ant zombies
  11 adders
  3 gnolls (D:5)
  2 shadow imps
  2 worms
  4 dart slugs
  5 giant geckos
  43 orcs
  4 ball pythons
  7 giant cockroaches
  9 goblins
  11 hobgoblins
  12 jackals
  3 quokkas
  3 bats
  A giant gecko skeleton (D:5)
  2 giant newts (D:2)
  42 kobolds
  6 rats
532 creatures vanquished.

Vanquished Creatures (collateral kills)
  A rakshasa (Depths:1)
1 creature vanquished.

Vanquished Creatures (others)
  A yaktaur (Depths:1)
  A wraith (D:15)
2 creatures vanquished.

Grand Total: 535 creatures vanquished

Action                   |  1- 3 |  4- 6 |  7- 9 | 10-12 | 13-15 || total
-------------------------+-------+-------+-------+-------+-------++-------
Melee: War axe           |   107 |   168 |   311 |   674 |   283 ||  1543
       Battleaxe         |       |       |       |       |   155 ||   155
Invok: Divine Shield     |       |       |       |     3 |     2 ||     5
       Cleansing Flame   |       |       |       |     1 |       ||     1
       Summon Divine War |       |       |       |       |     1 ||     1
       Brand Weapon With |       |       |       |       |     1 ||     1
 Abil: Evoke Berserk Rag |       |       |       |     7 |    10 ||    17
Evoke: Wand              |       |       |       |    14 |     4 ||    18
       Deck              |       |       |       |     4 |       ||     4
  Use: Potion            |       |     1 |     8 |     7 |     1 ||    17
       Scroll            |       |       |       |    18 |     7 ||    25
 Stab: Paralysed         |       |       |       |     2 |       ||     2
  Eat: Chunk             |     2 |     5 |    12 |    29 |    14 ||    62
       Meat ration       |       |       |     1 |       |       ||     1
       Pizza             |       |       |     1 |       |       ||     1
       Royal jelly       |       |       |       |     3 |     3 ||     6
       Fruit             |       |       |       |     2 |     4 ||     6
Armor: Scale mail        |    60 |    90 |   116 |    73 |       ||   339
       Skin              |       |       |       |    31 |       ||    31
       Plate armour      |       |       |       |   233 |   124 ||   357
       Chain mail        |       |       |       |       |   153 ||   153
Dodge: Dodged            |    72 |    68 |   112 |   180 |   120 ||   552
Block: Buckler           |       |    10 |    85 |   256 |    81 ||   432
       Other             |       |       |       |       |     6 ||     6

Vault maps used:
D:1:      dpeg_arrival_simpleton_b, kennysheep_decorative_pillar
D:2:      first_bread, serial_bayou_pond_c
D:3:      nicolae_dithmenos_shadow_blocks, kennysheep_flooded_box,
          minmay_misc_feat_room, corexii_hall_statues_deadend, uniq_terence
D:4:      lemuel_blue_sif_altar, nicolae_overflow_hidden_temple,
          kennysheep_little_box, tso_altar, mrwooster_statue_mirror,
          nicolae_elemental_shop, uniq_sigmund, uniq_natasha
D:5:      old_standard_altar, uniq_edmund
D:6:      old_standard_altar, serial_bayou, serial_bayou_lake_a,
          serial_bayou_crossing, serial_bayou_shore_b, serial_bayou_ford_a,
          serial_bayou_shore_a, uniq_grinder
D:7:      nicolae_overflow_crystal_walls, nicolae_ru_great_annihilating_truth,
          kennysheep_mini, lemuel_crystal_altar, minmay_temple_entry_junction,
          uniq_crazy_yiuf_cottage
D:8:      minitemple, serial_shops, kennysheep_mini_moat
D:9:      old_standard_altar, david_orc_3, david_nohive_1
D:11:     lair_0_dummy
D:12:     minmay_wizard_corner, serial_shops, nicolae_shop_trees,
          kennysheep_generic_room_8
D:13:     serial_corexii_hall, corexii_hall_statues_l, corexii_hall_statues_x,
          grunt_decor_one_mirror, nemelex_deck
D:14:     grunt_vaults_entry_tiered, serial_shops, bzr_in_the_mist,
          nicolae_two_hexagons
D:15:     grunt_enter_depths_snipers, minmay_misc_feat_chi
Depths:1: enter_ziggurat_a, serial_shops, nicolae_shop_trees,
          roderic_bali_sauvastika, rand_demon_pan_entry_8, hell_entry,
          st_stairs_11, grunt_ministairs_11, hangedman_eye_storm,
          serial_bayou_shore_b, grunt_megastairs_2
Bazaar:   bazaar_kb_twisted_cavern
